 Dungeon Crawl Stone Soup version 0.13.1-20-gf50ca03 (webtiles) character file.

111 Kae the Ruffian (level 2, -2/23 HPs)
             Began as a Draconian Transmuter on Dec 31, 2013.
             Slain by a worm (4 damage)
             ... on Level 2 of the Dungeon.
             The game lasted 00:00:48 (780 turns).

Kae the Ruffian (Draconian Transmuter)               Turns: 780, Time: 00:00:48

HP  -2/23        AC  4     Str 12      XL: 2   Next: 93%
MP   2/3         EV 12     Int 13      God:
Gold 84          SH  0     Dex 11      Spells:  1 memorised,  4 levels left

Res.Fire  : . . .   See Invis. : .     - Unarmed
Res.Cold  : . . .   Warding    : .   (armour unavailable)
Life Prot.: . . .   Conserve   : .   (no shield)
Res.Poison: .       Res.Corr.  : .   (helmet restricted)
Res.Elec. : .       Clarity    : .   (no cloak)
Sust.Abil.: . .     Spirit.Shd : .   (no gloves)
Res.Mut.  : .       Stasis     : .   (no boots)
Res.Rott. : .       Flight     : .   (no amulet)
Saprovore : . . .                    (no ring)
                                     (no ring)

@: appendage (expiring), not resistant to hostile enchantments, unstealthy
A: unfitting armour, horns 2, AC +4
a: End Transformation


You were on level 2 of the Dungeon.
You were not hungry.
You had grown temporary horns.
You visited 1 branch of the dungeon, and saw 2 of its levels.

You collected 64 gold pieces.

Inventory:

Missiles
 b - 46 arrows
Magical devices
 n - a wand of magic darts (11) {unknown}
Comestibles
 a - 3 bread rations
 k - a meat ration
 l - a pear
Scrolls
 c - a scroll of amnesia {unknown}
 e - 4 scrolls of identify {unknown}
 f - a scroll of fear {unknown}
 i - a scroll of enchant weapon I {unknown}
 o - a scroll of remove curse {unknown}
 p - a scroll of teleportation {unknown}
Potions
 g - a potion of curing {unknown}
 h - a potion of resistance {unknown}
 j - 3 potions of heal wounds {unknown}
 m - a potion of blood {unknown}
Books
 d - a book of Changes

   Spells                             Type                      Level
   *Beastly Appendage                 Transmutation                1
   Sticks to Snakes                   Transmutation                2
   Spider Form                        Transmutation/Poison         3
   Ice Form                           Ice/Transmutation            4
   Blade Hands                        Transmutation                5


   Skills:
 - Level 1.1 Fighting
 - Level 1.7 Dodging
 * Level 3.8 Unarmed Combat
 - Level 2.0 Spellcasting
 + Level 2.4 Transmutations


You had 4 spell levels left.
You knew the following spells:

 Your Spells              Type           Power        Failure   Level  Hunger
a - Beastly Appendage     Trmt           #.....       12%         1    ##.....


Dungeon Overview and Level Annotations

Branches:
Dungeon (2/27)

Altars:


Innate Abilities, Weirdness & Mutations

Your plain brown scales are hard (AC +4).
Your body does not fit into most forms of armour.
Your cold-blooded metabolism reacts poorly to cold.
You have a pair of horns on your head.


Message History

You are too injured to fight recklessly!
You are too injured to fight recklessly!
You are too injured to fight recklessly!
You are too injured to fight recklessly!
You are too injured to fight recklessly!
You are too injured to fight recklessly!
You are too injured to fight recklessly!
You hit the worm.
The worm is moderately wounded.
You hit the worm but do no damage. You tail-slap the worm.
The worm is heavily wounded.
Your transformation is almost over.
The worm bites you!
* * * LOW HITPOINT WARNING * * *
You hit the worm.
The worm is severely wounded.
You hit the worm.
The worm is severely wounded.
The worm bites you.
You die...

..# #...#.... #..
#.....<.. #.. #...#...#
#.. #####...# #####.#
##### #...# #...#.# #...#
#...# #.....# ##...#
##..# #....w# #....# #..#
#...@# #...## #..#
.######.####<..######..#
.........................
#######.###########....#
#.# #....# #.# #..... ..#
###... ..# .########...
.... ............


You could see a worm.

Vanquished Creatures
  An adder (D:2)
  A giant cockroach (D:2)
  2 hobgoblins (D:1)
  3 jackals (D:1)
  5 kobolds (D:1)
  3 bats
  A giant newt (D:1)
  A goblin (D:1)
  A rat (D:2)
18 creatures vanquished.

Notes
Turn   | Place    | Note
--------------------------------------------------------------
     0 | D:1      | Kae, the Draconian Transmuter, began the quest for the Orb.
     0 | D:1      | Reached XP level 1. HP: 16/16 MP: 1/1
   202 | D:1      | Reached XP level 2. HP: 18/23 MP: 3/3
   780 | D:2      | Slain by a worm

Action                   || total
-------------------------++-------
Melee: Unarmed           ||    54
 Cast: Beastly Appendage ||     1
